 Dungeon Crawl Stone Soup version 0.18-a0-1654-ge73a678 (webtiles) character file.

872 Oddball22 the Insei (level 7, 0/57 HPs)
             Began as a Demonspawn Monk on Mar 30, 2016.
             Was an Initiate of Ru.
             Slain by Eustachio
             ... wielding a +0 rapier
              (3 damage)
             ... on level 4 of the Dungeon.
             The game lasted 00:33:02 (4774 turns).

Oddball22 the Insei (Demonspawn Monk)               Turns: 4774, Time: 00:33:02

Health: 0/57       AC:  3    Str: 11      XL:     7   Next: 74%
Magic:  7/7        EV: 14    Int: 15 (17) God:    Ru [......]
Gold:   231        SH:  2    Dex: 14 (17) Spells: 0 memorised, 6 levels left

rFire  . . .     SeeInvis .     j - +0 halberd
rCold  + . .     Gourm    .     a - +0 robe
rNeg   . . .     Faith    .     (shield currently unavailable)
rPois  .         Spirit   .     o - +0 helmet
rElec  .         Dismiss  .     (no cloak)
rCorr  .         Reflect  .     p - +0 pair of gloves
SustAt .         Harm     .     (no boots)
MR     .....                    (no amulet)
Stlth  ++........               (no ring)
                                (no ring)

@: brilliant, not resistant to hostile enchantments, unstealthy
A: talons 1, large bone plates 1, cold resistance 1, demonic guardian 1,
deterioration 1, freezing cloud immunity, reduced AC 1
a: Renounce Religion


You were on level 4 of the Dungeon.
You worshipped Ru.
Ru was noncommittal.
You were near starving.

You visited 2 branches of the dungeon, and saw 5 of its levels.

You collected 231 gold pieces.

Inventory:

Hand Weapons
 h - a +1 dagger of protection
 j - a +0 halberd (weapon)
 k - a +2 dagger of freezing
Missiles
 i - 30 bolts
Armour
 a - a +0 robe (worn)
 o - a +0 helmet (worn)
 p - a +0 pair of gloves (worn)
Rods
 w - a +0 rod of inaccuracy (12/12)
   (You found it on level 4 of the Dungeon)
Wands
 f - a wand of flame (15/48)
Scrolls
 c - 3 scrolls of identify {unknown}
 g - a scroll of recharging {unknown}
 l - a scroll of enchant armour {unknown}
 n - a scroll of enchant weapon {unknown}
 s - a scroll of teleportation {unknown}
 u - a scroll of remove curse {unknown}
 v - a scroll of blinking {unknown}
Comestibles
 b - 2 bread rations
 d - 2 meat rations
 m - 2 fruits
 q - a slice of pizza


   Skills:
 * Level 5.8 Fighting
 + Level 4.7 Dodging
 - Level 1.7 Stealth
 + Level 6.4 Unarmed Combat


You had 6 spell levels left.
You didn't know any spells.

Dungeon Overview and Level Annotations

Branches:
Dungeon (4/15)             Temple (1/1) D:4

Altars:
Ashenzari
Cheibriados
Elyvilon
Fedhas
Gozag
Kikubaaqudgha
Makhleb
Nemelex Xobeh
Okawaru
Pakellas
Qazlal
Ru
Sif Muna
Trog
Vehumet
Xom
Yredelemnul
Zin

Annotations:
D:4 Eustachio


Innate Abilities, Weirdness & Mutations

You are partially covered in large bone plates (AC +2, SH +2).
Your flesh is cold resistant.
A weak demonic guardian rushes to your aid.
You are immune to freezing clouds.
You take slightly more damage. (AC -3)
You have sharp toenails.
Your body sometimes deteriorates upon taking damage.


Message History

The white imp gestures at you. The puff of frost hits you! You resist.
* * * LOW HITPOINT WARNING * * *
The white imp gestures at you. The puff of frost misses you.
Eustachio closely misses your quasit.
You barely miss Eustachio.
Eustachio is heavily wounded.
Your quasit closely misses Eustachio.
Your quasit misses Eustachio.
Your quasit completely misses Eustachio.
The white imp gestures at you. The puff of frost hits you! You resist.
* * * LOW HITPOINT WARNING * * *
The white imp hits you but does no damage.
Your quasit bites Eustachio but does no damage.
Your quasit closely misses Eustachio. x2
The white imp gestures at you. The puff of frost hits you! You resist.
* * * LOW HITPOINT WARNING * * *
Eustachio hits you with a rapier.
You die...

# ####..####... # #..#
#.# # # #..## #.# .## #
#...# #.# #... ######...#
#.# ... #......#.# #.#
###.###.#
#......#.####.###........
...............55.5.#
#..............5@@.##
.........####.###..#
##...##### #.......=.
###.## #####..#### ....#
#..# ###.## #..# #...###
#$.# #.....# ..# #...#.#


You could see Eustachio, 3 white imps and a friendly quasit.

Vanquished Creatures
  Sigmund (D:3)
  4 big kobolds (D:3)
  2 iguanas (D:4)
  A worker ant (D:4)
  Robin (D:2)
  4 adders
  2 oozes
  A worm (D:4)
  3 orcs
  10 bats
  A giant cockroach (D:4)
  13 goblins
  4 hobgoblins
  3 jackals (D:4)
  A quokka (D:4)
  4 giant newts
  A jackal skeleton (D:4)
  47 kobolds
  10 rats
113 creatures vanquished.

Vanquished Creatures (collateral kills)
  The ghost of SirMumm the Covered, an amateur GrFi (D:4)
  2 big kobolds (D:3)
  2 gnolls (D:3)
5 creatures vanquished.

Grand Total: 118 creatures vanquished

Notes
Turn   | Place    | Note
--------------------------------------------------------------
     0 | D:1      | Oddball22 the Demonspawn Monk began the quest for the Orb.
     0 | D:1      | Reached XP level 1. HP: 18/18 MP: 1/1
   313 | D:1      | Gained mutation: Your flesh is cold resistant. [demonic ancestry]
   313 | D:1      | Reached XP level 2. HP: 23/24 MP: 2/2
   735 | D:2      | Reached skill level 4 in Unarmed Combat
   934 | D:2      | Reached XP level 3. HP: 20/29 MP: 3/3
  1270 | D:2      | Noticed Robin
  1316 | D:2      | Gained mutation: You have sharp toenails. [potion of mutation]
  1316 | D:2      | Gained mutation: Your body sometimes deteriorates upon taking damage. [potion of mutation]
  1329 | D:2      | Killed Robin
  1641 | D:3      | Found an oddly glowing altar of Pakellas.
  1648 | D:3      | Noticed Sigmund
  1704 | D:3      | Killed Sigmund
  1704 | D:3      | Reached skill level 5 in Unarmed Combat
  1704 | D:3      | Gained mutation: A weak demonic guardian rushes to your aid. [demonic ancestry]
  1704 | D:3      | Reached XP level 4. HP: 17/37 MP: 4/4
  1704 | D:3      | Reached XP level 5. HP: 20/42 MP: 5/5
  2078 | D:3      | Found a white marble altar of Elyvilon.
  2583 | D:3      | Gained mutation: You are immune to freezing clouds. [demonic ancestry]
  2583 | D:3      | Reached XP level 6. HP: 48/48 MP: 6/6
  2907 | D:3      | Reached skill level 6 in Unarmed Combat
  2907 | D:3      | Gained mutation: You are partially covered in large bone plates (AC +2, SH +2). [demonic ancestry]
  2907 | D:3      | Reached XP level 7. HP: 36/55 MP: 7/7
  3209 | D:3      | Reached skill level 5 in Fighting
  4302 | D:4      | Noticed SirMumm's ghost (amateur GrFi)
  4402 | D:4      | Found a staircase to the Ecumenical Temple.
  4423 | D:4      | Killed SirMumm's ghost
  4427 | Temple   | Entered the Ecumenical Temple
  4467 | Temple   | Became a worshipper of Ru the Awakened
  4468 | Temple   | Gained mutation: You take slightly more damage. (AC -3) [Ru sacrifice]
  4738 | D:4      | Noticed Eustachio
  4774 | D:4      | Slain by Eustachio

Vault maps used:
D:1:      roderic_crop_circles_arrival_small
D:2:      uniq_robin
D:3:      minmay_goblin_kobold_castle, lemuel_doored_altar, first_bread,
          grunt_decor_clamped, elyvilon_altar_1, uniq_sigmund
D:4:      minmay_temple_entry_enclosed_plants, bh_walls_and_bars, uniq_eustachio
Temple:   nicolae_temple_the_god_donut

Skill      XL: |  1  2  3  4  5  6  7 |
---------------+----------------------+-----
Unarmed Combat | 4 5 6 |  6.4
Dodging        | 3 4 |  4.7
Fighting       | 4 5 |  5.8
Stealth        | |  1.7

Action                   |  1- 3 |  4- 6 |  7- 9 || total
-------------------------+-------+-------+-------++-------
Melee: Unarmed           |    91 |       |       ||    91
       Dagger            |    68 |   184 |    16 ||   268
       Halberd           |       |    13 |   181 ||   194
Invok: Sacrifice Health  |       |       |     1 ||     1
  Use: Potion            |     8 |     1 |     2 ||    11
 Stab: Sleeping          |     5 |     1 |     6 ||    12
  Eat: Chunk             |     3 |     3 |     4 ||    10
       Fruit             |       |       |     2 ||     2
